 Dungeon Sprint DCSS version 0.30-a0-358-g0d69a1922f (webtiles) character file.

Game seed: 11877929147543524778

4 Pestilence the Ducker (level 1, -2/17 HPs)
             Began as a Vampire Gladiator on Nov 10, 2022.
             Slain by an ogre
             ... wielding a +0 giant spiked club
              (9 damage)
             ... in the Dungeon (Sprint IX: "|||||||||||||||||||||||||||||").
             The game lasted 00:00:19 (35 turns).

Pestilence the Ducker (Vampire Gladiator)             Turns: 35, Time: 00:00:19

Health: -2/17      AC:  4    Str: 13    XL:     1   Next: 58%
Magic:  1/1        EV: 13    Int: 10    God:
Gold:   0          SH:  0    Dex: 15    Spells: 0/0 levels left

rFire   . . .      SeeInvis +    a - +0 long sword
rCold   . . .      Faith    .    (no shield)
rNeg    . . .      Spirit   .    b - +0 leather armour
rPois   .          Reflect  .    c - +0 helmet
rElec   .          Harm     .    (no cloak)
rCorr   .          Rampage  .    (no gloves)
Will    .....      NoTele   +    (no boots)
Stlth   +.........               (no amulet)
HPRegen 0.42/turn                (no ring)
MPRegen 0.07/turn                (no ring)

@: weakened, healing quickly
A: alive, fangs 3, see invisible, vampiric 1
a: Exsanguinate


You were in the Dungeon.
You visited 1 branch

Inventory:

Hand Weapons
 a - a +0 long sword (weapon)
Missiles
 d - 3 throwing nets (quivered)
 e - a javelin
Armour
 b - a +0 leather armour (worn)
 c - a +0 helmet (worn)
Scrolls
 k - a scroll of blinking
Potions
 f - a potion of curing
 g - a potion of heal wounds
 h - a potion of haste
 i - 2 potions of magic
 j - a potion of berserk rage


   Skills:
 + Level 2.4 Fighting
 + Level 3.5 Long Blades
 - Level 1.5 Throwing
 + Level 3.9 Dodging


You couldn't memorise any spells.
You didn't know any spells.
Your spell library was empty.

Dungeon Overview and Level Annotations

Branches:
Dungeon (1/1)

Altars:


Innate Abilities, Weirdness & Mutations

Your natural rate of healing is accelerated.
You have razor-sharp teeth.
You have supernaturally acute eyesight. (SInv)
You are afflicted with vampirism.


Message History

You kill the rat!
You hit the goblin.
The goblin is severely wounded.
The goblin barely misses you. The goblin closely misses you.
You barely miss the goblin.
The goblin is severely wounded.
The goblin hits you but does no damage.
You hit the goblin.
You kill the goblin!
The bat hits you. The bat misses you. The bat closely misses you.
There is an open door to the Dungeon, spattered with blood here.
Items here: )) ††.
You closely miss the bat. The bat barely misses you.
The bat closely misses you. The bat hits you but does no damage.
You slash the bat!
You kill the bat!
You open the door.
A black bear, 2 hounds, a gnoll bouda and an ogre come into view.
The black bear growls angrily.
The gnoll bouda shouts!
Okay, then.
The hound barks!
The ogre shouts!
The ogre barely misses you.
You hit the ogre but do no damage. You slash the ogre!
The ogre is heavily wounded.
The ogre hits you with a +0 giant spiked club!
Ouch! That really hurt!
You slash the ogre!
The ogre is severely wounded.
The ogre barely misses you.
The gnoll bouda gazes fiercely through you!
You feel your attacks grow feeble.
Okay, then.
The gnoll bouda gazes fiercely through you!
You feel as though you will be weak longer.
The ogre attacks as you move away!
The ogre hits you with a +0 giant spiked club!
Ouch! That really hurt!
You die...

▓.▓
▓h▓
▓h▓
▓.▓
▓h▓
▓g▓
▓.▓
▓O▓
▓@▓
▓.▓
▓.▓
▓)▓
▓.▓
▓.▓
▓.▓
▓<▓
▓▓▓


You could see a black bear, an ogre, a gnoll bouda and 2 hounds.

Vanquished Creatures
  2 goblins (D)
  A bat (D)
  2 rats (D)
5 creatures vanquished.

Notes
Turn   | Place    | Note
-------+----------+-------------------------------------------
     0 | D        | Pestilence the Vampire Gladiator began the quest for the
                  | Orb.
     0 | D        | Reached XP level 1. HP: 16/16 MP: 1/1
    27 | D        | Noticed a black bear
    27 | D        | Noticed a hound
    27 | D        | Noticed a hound
    27 | D        | Noticed a gnoll bouda
    27 | D        | Noticed an ogre
    35 | D        | Slain by an ogre

Illustrated notes

Levels and vault maps discovered:
D:        linesprint [early_d, line_temple, items_1, d_10, items_2, lair_1,
          lair_end, items_3, orc_1, orc_end, items_4, d_15, swamp_1, shoals_1,
          snake_1, spider_1, d_20, vaults_1, items_5, swamp_end, shoals_end,
          snake_end, spider_end, vaults_end, d_27, items_6, zot_1, zot_end,
          crypt_end, forest_end, elf_end, slime_end, tomb_end, abyss_end,
          pan_hell_end]

Skill      XL: |  1 |
---------------+----+-----
Fighting       | 2 |  2.4
Long Blades    | |  3.5
Throwing       | |  1.5
Dodging        | |  3.9

Action                   || total
-------------------------++-------
Melee: Long sword        ||    20
Armor: Leather armour    ||     7
Dodge: Dodged            ||    12

Table legend: (Time is in decaauts)
 A = Elapsed time spent in this place.
 B = Non-inter-level travel time spent in this place.
 C = Inter-level travel time spent in this place.
 D = Time resting spent in this place.
 E = Time spent auto-exploring this place.
 F = Levels seen in this place.
 G = Mean time per level.
                   A        B        C        D        E       F      G
               +--------+--------+--------+--------+--------+-----+--------+
         Total |     39 |     39 |      0 |      0 |      0 |   1 |   39.0 |
       Dungeon |     39 |     39 |      0 |      0 |      0 |   1 |   39.0 |
               +--------+--------+--------+--------+--------+-----+--------+

Top non-repeatable levels by time:
       D: 39 daAuts
